 Dungeon Sprint DCSS version 0.27-a0-1191-g601b473118 (webtiles) character file.

Game seed: 8815006964677938450

1300000 HendSelp the Magician (level 1, -3/18 HPs)
             Began as a Djinni Warper on May 24, 2021.
             Was a Follower of Makhleb.
             Slain by a bag of meat
             ... wielding a +9 war axe
              (21 damage)
             ... in the Dungeon (Sprint VIII: "Arena of Blood").
             The game lasted 00:00:11 (13 turns).

HendSelp the Magician (Djinni Warper)                 Turns: 13, Time: 00:00:12

Health: -3/18      AC:  3    Str: 10    XL:     1   Next: 0%
Gold:   0          EV: 11    Int: 14    God:    Makhleb [*.....] SH:  0 Dex: 12

rFire    + + .     SeeInvis .   c - +∞ Axe of Woe
rCold    x . .     Faith    .   (shield currently unavailable)
rNeg     . . .     Spirit   .   b - +0 leather armour
rPois    ∞         Reflect  .   (no helmet)
rElec    .         Harm     .   (no cloak)
rCorr    .         Rampage  .   (no gloves)
Will     .....     NoTele   +   (boots unavailable)
Stlth    +.........             (no amulet)
HPRegen  0.06/turn              (no ring)
MPRegen  0.00/turn              (no ring)

@: flying
A: sickness immunity, fire resistance 2, cold vulnerability 1, float, innate
caster, hp casting, extra vitality 1
a: Renounce Religion


You were in the Dungeon.
You worshipped Makhleb.
Makhleb was aware of your devotion.
You visited 1 branch

Inventory:

Hand Weapons
 a - a +0 hand axe
 c - the +∞ Axe of Woe (weapon)
   (You found it in the Dungeon)
Missiles
 e - 5 boomerangs of dispersal (quivered)
Armour
 b - a +0 leather armour (worn)
Scrolls
 d - 2 scrolls of blinking
Potions
 f - a potion of curing
 g - a potion of heal wounds
 h - a potion of haste
 i - a potion of berserk rage


   Skills:
 + Level 2.0 Fighting
 + Level 1.5 Axes
 + Level 0.7 Throwing
 + Level 1.0 Armour
 + Level 2.1 Dodging
 + Level 2.4 Spellcasting


You couldn't memorise any spells.
You knew the following spells:

 Your Spells              Type           Power      Damage    Failure   Level
a - Blink                 Tloc           N/A        N/A       17%         2
b - Lesser Beckoning      Tloc           4%         N/A       34%         3
c - Gell's Gravitas       Tloc           4%         N/A       34%         3
d - Teleport Other        Tloc           8%         N/A       34%         3
e - Manifold Assault      Tloc           8%         N/A       97%         5
Your spell library was empty.

Dungeon Overview and Level Annotations

Branches:
Dungeon (1/1)

Altars:
Makhleb


Innate Abilities, Weirdness & Mutations

You are immune to sickness and miasma.
You are immune to poison.
Your flesh is very heat resistant. (rF++)
You are vulnerable to cold. (rC-)
You float through the air rather than walking.
You learn spells naturally, not from books.
Your magical power is your life essence.
You have superior vitality. (+4 HP)


Message History

Makhleb welcomes you!
You hear a shout! x8
A bag of meat comes into view. It is wielding a +9 war axe.
The bag of meat shouts!
You hear a shout! x5
A bag of meat comes into view. It is wielding a +9 war axe.
The bag of meat moves out of view.
A bag of meat comes into view. It is wielding a +9 war axe.
The bag of meat shouts!
You hear a shout! x4
A bag of meat comes into view. It is wielding a +9 war axe.
You hear a shout! x9
There is a staircase leading out of the dungeon here.
The bag of meat shouts!
You hear a shout! x10
A bag of meat comes into view. It is wielding a +9 war axe.
You hear a shout! x2
The bag of meat shouts!
You hear a shout! x8
The meat berserker appears out of thin air!
A meat berserker comes into view. It is wielding a +9 battleaxe.
The meat berserker shouts!
You hear a shout! x2
A bag of meat comes into view. It is wielding a +9 war axe.
You hear a shout! x2
A bag of meat comes into view. It is wielding a +9 war axe.
You hear a shout! x6
You hear a shout! x3
You hear a shout! x9
Unknown command.
Unknown command.
You slash the bag of meat!
You butcher the bag of meat messily.
You kill the bag of meat!
Makhleb accepts your kill.
You slash the bag of meat!
You cleave the bag of meat in twain.
You kill the bag of meat!
Makhleb accepts your kill.
You can now gain health from killing.
You hear a shout! x8
The meat berserker completely misses you.
You hear a shout!
A bag of meat comes into view. It is wielding a +9 war axe.
You hear a shout! x4
The bag of meat hits you with a +9 war axe!!
Ouch! That really hurt!
You die...

.. .. ..... ..
#... .# . #...
..# ..###...
..###.
......###......
......._.......
#..@).# #_oO._#
#....o#
....._......
.....o###.o....
..###... ..###.
. #... ..# #.o.
..# ..... ..


You could see a meat berserker (berserk) and 5 bags of meat.

Vanquished Creatures
  2 orcs (D)
2 creatures vanquished.

Notes
Turn   | Place    | Note
-------+----------+-------------------------------------------
     0 | D        | Found the +∞ Axe of Woe
     0 | D        | HendSelp the Djinni Warper began the quest for the Orb.
     0 | D        | Reached XP level 1. HP: 18/18 MP: 0/0
     4 | D        | Became a worshipper of Makhleb the Destroyer
     5 | D        | Noticed a bag of meat
     5 | D        | Noticed a bag of meat
     6 | D        | Noticed a bag of meat
     6 | D        | Noticed a bag of meat
     7 | D        | Noticed a bag of meat
     9 | D        | Noticed a meat berserker
     9 | D        | Noticed a bag of meat
     9 | D        | Noticed a bag of meat
    13 | D        | Killed a bag of meat
    13 | D        | Killed a bag of meat
    13 | D        | Reached * piety under Makhleb
    13 | D        | Noticed a bag of meat
    13 | D        | Slain by a bag of meat

Illustrated notes

Levels and vault maps discovered:
D:        meatsprint

Action                   || total
-------------------------++-------
Melee: Executioner's axe ||     1
Dodge: Dodged            ||     1

Table legend: (Time is in decaauts)
 A = Elapsed time spent in this place.
 B = Non-inter-level travel time spent in this place.
 C = Inter-level travel time spent in this place.
 D = Time resting spent in this place.
 E = Time spent auto-exploring this place.
 F = Levels seen in this place.
 G = Mean time per level.
                   A        B        C        D        E       F      G
               +--------+--------+--------+--------+--------+-----+--------+
         Total |     12 |     12 |      0 |      0 |      0 |   1 |   12.0 |
       Dungeon |     12 |     12 |      0 |      0 |      0 |   1 |   12.0 |
               +--------+--------+--------+--------+--------+-----+--------+

Top non-repeatable levels by time:
       D: 12 daAuts
